 Dungeon Crawl Stone Soup version 0.30.2 (webtiles) character file.

Game seed: 677271132983864145

4 porpoise the Shooter (level 1, -1/18 HPs)
             Began as a Minotaur Hunter on Feb 22, 2024.
             Slain by a jackal (2 damage)
             ... on level 1 of the Dungeon.
             The game lasted 00:00:30 (51 turns).

porpoise the Shooter (Minotaur Hunter)                Turns: 51, Time: 00:00:30

Health: -1/18      AC:  3    Str: 15    XL:     1   Next: 50%
Magic:  0/0        EV:  9    Int:  6    God:
Gold:   0          SH:  0    Dex: 13    Spells: 0/0 levels left

rFire   . . .        a - +0 shortbow
rCold   . . .        (shield currently unavailable)
rNeg    . . .        c - +0 leather armour
rPois   .            (helmet restricted)
rElec   .            (no cloak)
rCorr   .            (no gloves)
SInv    .            (no boots)
Will    .....        (no amulet)
Stlth   +            (no ring)
HPRegen 0.23/turn    (no ring)
MPRegen 0.07/turn

%: no passive effects
@: constricted
A: horns 2, retaliatory headbutt
a: no special abilities


You were on level 1 of the Dungeon.
You visited 1 branch of the dungeon, and saw 1 of its levels.

Inventory:

Hand Weapons
 a - a +0 shortbow (weapon)
Armour
 c - a +0 leather armour (worn)
Scrolls
 b - a scroll of immolation


   Skills:
 + Level 2.6 Fighting
 * Level 4.5 Ranged Weapons
 - Level 2.1 Dodging
 - Level 0.7 Stealth


You couldn't memorise any spells.
You didn't know any spells.
Your spell library was empty.

Dungeon Overview and Level Annotations

Branches:
Dungeon (1/15)

Altars:


Innate Abilities, Weirdness & Mutations

You have a pair of horns on your head.
You reflexively headbutt those who attack you in melee.


Message History

A jackal comes into view.
The jackal bites you. The kobold hits you with a +0 whip.
The jackal misses you. The kobold barely misses you.
You shoot an arrow. The arrow closely misses the jackal.
The jackal misses you. The kobold hits you with a +0 whip.
The jackal closely misses you. You furiously retaliate!
You headbutt the jackal!
You kill the jackal!
You shoot an arrow. The arrow hits the kobold.
The kobold is moderately wounded.
The kobold hits you with a +0 whip. The ball python barely misses you.
The ball python grabs you. The ball python constricts you.
You shoot an arrow.
The arrow closely misses the ball python.
The arrow closely misses the jackal.
The kobold hits you with a +0 whip. The ball python barely misses you.
The ball python constricts you. The kobold barely misses you.
You furiously retaliate!
You headbutt the kobold.
You kill the kobold!
You are too injured to fight recklessly!
You are too injured to fight recklessly!
You are too injured to fight recklessly!
You are too injured to fight recklessly!
You shoot an arrow. The arrow barely misses the jackal.
The ball python bites you but does no damage.
The ball python constricts you. The jackal bites you.
* * * LOW HITPOINT WARNING * * *
The ball python bites you.
* * * LOW HITPOINT WARNING * * *
The ball python constricts you.
You shoot an arrow. The arrow closely misses the jackal.
The jackal barely misses you.
The ball python bites you but does no damage.
The ball python constricts you.
* * * LOW HITPOINT WARNING * * *
The jackal bites you.
* * * LOW HITPOINT WARNING * * *
You shoot an arrow. The arrow closely misses the jackal.
The jackal bites you but does no damage.
The ball python bites you but does no damage.
The ball python constricts you. The jackal bites you.
You die...

#.....## .#
#....$.#..#
#......#..
#........
#..!...#
#......#
#..)S..#
#..@h..#
#..†...#
#......#
#......#
#......#
#...)..#
###.####
#.###
#.#.##


You could see a jackal and a ball python.

Vanquished Creatures
  A goblin (D:1)
  A jackal (D:1)
  A bat (D:1)
  A kobold (D:1)
4 creatures vanquished.

Notes
Turn   | Place    | Note
-------+----------+-------------------------------------------
     0 | D:1      | porpoise the Minotaur Hunter began the quest for the Orb.
     0 | D:1      | Reached XP level 1. HP: 18/18 MP: 0/0
    51 | D:1      | Slain by a jackal

Illustrated notes

Levels and vault maps discovered:
D:1:      elethiomel_arrival_shortcut, layout_basic,
          shapermc_ecumenical_altar_mp_urbaneastern, serial_shops, shop,
          corexii_leaking_fountain, serial_bayou_pond_b

Action                     || total
---------------------------++-------
   Fire: Shortbow          ||    19
 Armour: Leather armour    ||     7
  Dodge: Dodged            ||    14
